 Dungeon Crawl Stone Soup version 0.28-a0-1128-gb845255321 (webtiles) character file.

Game seed: 8920808443074005905

130 LadyOphelia the Chopper (level 4, -1/41 HPs)
             Began as a Minotaur Berserker on Dec 12, 2021.
             Was a Believer of Trog.
             Killed by divine providence
             ... invoked by an orc priest
              (15 damage)
             ... on level 3 of the Dungeon.
             The game lasted 00:04:05 (2048 turns).

LadyOphelia the Chopper (Minotaur Berserker)        Turns: 2048, Time: 00:04:06

Health: -1/41      AC:  2    Str: 23    XL:     4   Next: 90%
Magic:  3/3        EV: 12    Int:  4    God:    Trog [**....]
Gold:   58         SH:  0    Dex: 10    Spells: 3/3 levels left

rFire   . . .      SeeInvis .   a - +0 hand axe
rCold   . . .      Faith    .   (no shield)
rNeg    . . .      Spirit   .   b - +0 animal skin
rPois   .          Reflect  .   (helmet restricted)
rElec   .          Harm     .   (no cloak)
rCorr   .          Rampage  .   (no gloves)
Will    .....                   (no boots)
Stlth   +.........              k - amulet of regeneration
HPRegen 0.93/turn               (no ring)
MPRegen 0.08/turn               (no ring)

@: on berserk cooldown, slowed, very slow
A: horns 2, retaliatory headbutt
a: Renounce Religion, Berserk, Trog's Hand


You were on level 3 of the Dungeon.
You worshipped Trog.
Trog was pleased with you.
You visited 1 branch of the dungeon, and saw 3 of its levels.

You collected 58 gold pieces.

Inventory:

Hand Weapons
 a - a +0 hand axe (weapon)
Missiles
 f - a throwing net (quivered)
Armour
 b - a +0 animal skin (worn)
Jewellery
 k - an amulet of regeneration (around neck)
Scrolls
 e - a scroll of immolation {unknown}
 j - 2 scrolls of identify {unknown}
 l - a scroll of torment {unknown}
 m - a scroll of noise {unknown}
Potions
 c - a potion of attraction
 g - a potion of mutation {unknown}
 h - 3 potions of flight {unknown}
 i - a potion of cancellation {unknown}


   Skills:
 + Level 4.8 Fighting
 + Level 5.3 Axes
 + Level 2.9 Armour
 + Level 3.0 Dodging


You had 3 spell levels left.
You didn't know any spells.
Your spell library contained the following spells:

 Spells                   Type           Power      Damage    Failure   Level
 Sandblast                Erth           0%         2d4       50%         1
 Passwall                 Tmut/Erth      0%         N/A       65%         2
 Stone Arrow              Conj/Erth      0%         3d7       86%         3


Dungeon Overview and Level Annotations

Branches:
Dungeon (3/15)

Altars:


Innate Abilities, Weirdness & Mutations

You have a pair of horns on your head.
You reflexively headbutt those who attack you in melee.


Message History

You hit the orc priest but do no damage.
The orc priest hits you with a +0 club. The orc barely misses you.
The orc priest closely misses you. The orc barely misses you.
You hit the orc.
The orc is severely wounded.
You hit the orc priest but do no damage.
You closely miss the orc. The orc hits you with a +0 short sword.
The orc barely misses you. You furiously retaliate!
You headbutt the orc!
You kill the orc!
Trog accepts your kill.
The orc priest calls down the wrath of Beogh upon you.
Pain shoots through your body! The orc hits you with a +0 short sword.
Your Dodging skill increases to level 3!
You hit the orc.
You kill the orc!
Trog accepts your kill.
You hit the orc priest. The orc priest hits you with a +0 club.
* * * LOW HITPOINT WARNING * * *
The orc priest completely misses you. The orc priest hits you with a +0 club.
The orc priest barely misses you.
Items here: $ ) [ †.
You hit the orc priest.
You headbutt the orc priest, but do no damage.
The orc priest is heavily wounded.
The orc priest hits you with a +0 club.
* * * LOW HITPOINT WARNING * * *
You hit the orc priest but do no damage.
Your headbutt misses the orc priest.
The orc priest is heavily wounded.
The orc priest barely misses you.
The orc priest invokes the aid of Beogh against you.
You barely resist. You hit the orc priest.
The orc priest is almost dead.
The orc priest miscasts a cantrip.
You closely miss the orc priest. Your headbutt misses the orc priest.
The orc priest is almost dead.
The orc priest calls down the wrath of Beogh upon you.
Beogh smites you!
You die...

#..... #.# ...
#.....####)###.....
#.....#.).).......#
#.##..######.....
#....### ###
########..<)).#
##.....##....).#
##.............)#####.
#.............@o......
#.....................
#......†..............
#.......<.............
#.....................
#.....<...............
##...................#
##.....##.....###....
####### #####


You could see an orc priest.

Vanquished Creatures
  An orc priest (D:3)
  Natasha (D:2)
  2 adders (D:2)
  A dart slug (D:3)
  8 orcs (D:3)
  2 bats (D:1)
  4 endoplasms (D:1)
  2 giant cockroaches (D:1)
  A goblin (D:1)
  6 hobgoblins
  6 jackals (D:1)
  5 ball pythons
  3 frilled lizards (D:1)
  3 kobolds
  4 rats
49 creatures vanquished.

Notes
Turn   | Place    | Note
-------+----------+-------------------------------------------
     0 | D:1      | LadyOphelia the Minotaur Berserker began the quest for the
                  | Orb.
     0 | D:1      | Reached XP level 1. HP: 19/19 MP: 0/0
   350 | D:1      | Reached XP level 2. HP: 27/27 MP: 1/1
   409 | D:1      | Reached skill level 4 in Axes
   944 | D:1      | Reached XP level 3. HP: 32/33 MP: 2/2
  1612 | D:2      | Reached ** piety under Trog
  1683 | D:2      | Noticed Natasha
  1689 | D:2      | Killed Natasha
  1690 | D:2      | Reached XP level 4. HP: 39/41 MP: 3/3
  1830 | D:2      | Found a faded altar of an unknown god.
  2002 | D:3      | Reached skill level 5 in Axes
  2048 | D:3      | Killed from afar by an orc priest

Illustrated notes

Levels and vault maps discovered:
D:1:      matt_arrival_diagonals, layout_rooms, minmay_misc_feat_secret_circle,
          minmay_misc_feat_tiny, nrook_uturn, st_stairs_2, roderic_lattice_a
D:2:      layout_basic, dreamdust_ecumenical_altar_hidden_monk_grotto,
          uniq_natasha
D:3:      layout_rooms, serial_shops, shop

Skill      XL: |  1  2  3  4 |
---------------+-------------+-----
Axes           | 4 5 |  5.3
Fighting       | 4 |  4.8
Dodging        | 3 |  3.0
Armour         | |  2.9

Action                   |  1- 3 |  4- 6 || total
-------------------------+-------+-------++-------
Melee: Hand axe          |    70 |    30 ||   100
       Headbutt          |    11 |     5 ||    16
Invok: Berserk           |       |     1 ||     1
  Use: Scroll            |     2 |     1 ||     3
       Potion            |     1 |       ||     1
Armor: Animal skin       |    12 |     4 ||    16
Dodge: Dodged            |    52 |    24 ||    76

Table legend: (Time is in decaauts)
 A = Elapsed time spent in this place.
 B = Non-inter-level travel time spent in this place.
 C = Inter-level travel time spent in this place.
 D = Time resting spent in this place.
 E = Time spent auto-exploring this place.
 F = Levels seen in this place.
 G = Mean time per level.
                   A        B        C        D        E       F      G
               +--------+--------+--------+--------+--------+-----+--------+
         Total |   2070 |   2013 |     57 |      0 |   1661 |   3 |  690.0 |
       Dungeon |   2070 |   2013 |     57 |      0 |   1661 |   3 |  690.0 |
               +--------+--------+--------+--------+--------+-----+--------+

Top non-repeatable levels by time:
     D:1: 1271 daAuts
     D:2: 738 daAuts
     D:3: 60 daAuts
